 Dungeon Crawl Stone Soup version 0.32-a0-666-ge8a88695a4 (webtiles) character file.

Game seed: 9117028335893304648

153 BubbleThief the Ruffian (level 5, -3/53 HPs)
             Began as a Troll Fighter on Mar 10, 2024.
             Slain by Sigmund
             ... wielding a +0 scythe
              (8 damage)
             ... on level 3 of the Dungeon.
             The game lasted 00:02:52 (1495 turns).

BubbleThief the Ruffian (Troll Fighter)             Turns: 1495, Time: 00:02:53

Health: -3/53      AC:  4    Str: 24    XL:     5   Next: 12%
Magic:  4/4        EV:  9    Int:  4    God:
Gold:   80         SH:  8    Dex: 11    Spells: 4/4 levels left

rFire   . .          .
                       - Unarmed
rCold   . . .        b - +0 kite shield
rNeg    . . .        a - +0 robe
rPois   .            (helmet restricted)
rElec   .            (no cloak)
rCorr   .            (gloves unavailable)
SInv    .            (boots unavailable)
Will    +....        (no amulet)
Stlth   +            k - ring of willpower
HPRegen 1.08/turn    (no ring)
MPRegen 0.09/turn

%: no passive effects
@: no status effects
A: large, unfitting armour, claws 3, regeneration 1, shaggy fur 1, tough skin 1
a: no special abilities


You were on level 3 of the Dungeon.
You visited 1 branch of the dungeon, and saw 3 of its levels.

You collected 80 gold pieces.

Inventory:

Armour
 a - a +0 robe (worn)
 b - a +0 kite shield (worn)
Jewellery
 k - a ring of willpower (left claw)
 l - a ring of fire
Scrolls
 d - a scroll of silence {unknown}
 f - 2 scrolls of identify {unknown}
 g - a scroll of blinking {unknown}
 h - a scroll of amnesia {unknown}
 i - a scroll of enchant armour {unknown}
 j - a scroll of noise {unknown}
 m - a scroll of enchant weapon {unknown}
 q - a scroll of fear {unknown}
 r - a scroll of immolation {unknown}
Potions
 c - 2 potions of might
 e - a potion of heal wounds {unknown}
 n - 2 potions of lignification {unknown}
 o - a potion of haste {unknown}
 p - 2 potions of curing {unknown}


   Skills:
 + Level 3.1 Fighting
 - Level 2.4 Dodging
 + Level 3.5 Shields
 * Level 4.0 Unarmed Combat


You had 4 spell levels left.
You didn't know any spells.
Your spell library was empty.

Dungeon Overview and Level Annotations

Branches:
Dungeon (3/15)

Altars:

Annotations:
D:3 Sigmund


Innate Abilities, Weirdness & Mutations

You are too large for most types of armour.
You have claws for hands.
Your natural rate of healing is unusually fast.
You are covered in fur. (AC +1)
You have tough skin. (AC +1)


Message History

The orc hits you with a +0 trident.
* * * LOW HITPOINT WARNING * * *
Things that are here:
a +0 short sword; an orc corpse You scratch the orc.
The orc is heavily wounded.
The orc hits you with a +0 trident.
* * * LOW HITPOINT WARNING * * *
You claw the orc!
You kill the orc!
Things that are here:
a +0 trident; an orc corpse You start resting.
Sigmund is nearby!
You start resting.
Sigmund is nearby!
Sigmund shouts!
You block Sigmund's attack.
You scratch Sigmund.
Sigmund is lightly wounded.
Sigmund casts a spell.
Sigmund flickers and vanishes!
Deactivating autopickup; reactivate with Ctrl-A.
You closely miss something. Something hits you!
You barely miss something. You miss something. Something hits you.
You closely miss something. You block something's attack.
You closely miss something. Something hits you!
You claw something! You barely miss something. Something hits you.
You scratch something.
You hear some strange, mumbled words.
A puff of flame appears from out of thin air!
The puff of flame hits you!
* * * LOW HITPOINT WARNING * * *
You closely miss something. Something hits you.
* * * LOW HITPOINT WARNING * * *
You barely miss something. You closely miss something. Something hits you!
You die...

...........#.# ... #
...........#.# .. .##
...!.........###.##..##
..............#.......
#....................
#.)......).........
#......#.)).#......
###.####..#........ #.#
#{@.##...... #.#
#.#......... #.#
#.####....#.# .. #.#
#.# ##...##.. #.####.#
..#.... #<.....#
#......#.
#......########........
#......##†...#.........
#......##....#.........


There were no monsters in sight!

Vanquished Creatures
  An orc priest (D:3)
  6 adders
  3 dart slugs (D:1)
  2 ribbon worms (D:2)
  4 orcs (D:3)
  6 bats
  5 endoplasms
  2 giant cockroaches
  8 goblins
  2 hobgoblins (D:2)
  2 quokkas
  6 ball pythons
  4 frilled lizards
  4 kobolds
  4 rats
59 creatures vanquished.

Notes
Turn   | Place    | Note
-------+----------+-------------------------------------------
     0 | D:1      | BubbleThief the Troll Fighter began the quest for the Orb.
     0 | D:1      | Reached XP level 1. HP: 22/22 MP: 0/0
    55 | D:1      | Reached XP level 2. HP: 27/29 MP: 1/1
   409 | D:1      | Reached XP level 3. HP: 36/36 MP: 2/2
   583 | D:2      | Reached skill level 3 in Unarmed Combat
   619 | D:2      | Found a faded altar of an unknown god.
  1114 | D:2      | Reached XP level 4. HP: 44/44 MP: 3/3
  1395 | D:3      | Noticed Sigmund
  1459 | D:3      | Reached skill level 4 in Unarmed Combat
  1459 | D:3      | Reached XP level 5. HP: 23/53 MP: 4/4
  1495 | D:3      | Slain by Sigmund

Illustrated notes

Levels and vault maps discovered:
D:1:      amcnicky_arrival_choice, layout_rooms, minmay_distorted
D:2:      layout_loops_corners, shapermc_ecumenical_altar_petra,
          serial_park_tiny_pond
D:3:      layout_rooms, lemuel_doored_altar, uniq_sigmund

Skill      XL: |  1  2  3  4 |
---------------+-------------+-----
Shields        | 3 |  3.5
Unarmed Combat | 3 4 |  4.0
Fighting       | 3 |  3.1
Dodging        | |  2.4

Action                     |  1- 3 |  4- 6 || total
---------------------------+-------+-------++-------
  Melee: Unarmed           |    84 |    60 ||   144
   Stab: Sleeping          |     1 |       ||     1
 Armour: Robe              |    37 |    42 ||    79
  Dodge: Dodged            |    24 |    24 ||    48
  Block: Kite shield       |    26 |    27 ||    53

Table legend: (Time is in decaauts)
 A = Elapsed time spent in this place.
 B = Non-inter-level travel time spent in this place.
 C = Inter-level travel time spent in this place.
 D = Time resting spent in this place.
 E = Time spent auto-exploring this place.
 F = Levels seen in this place.
 G = Mean time per level.
                   A        B        C        D        E       F      G
               +--------+--------+--------+--------+--------+-----+--------+
         Total |   1503 |   1444 |     59 |     18 |   1078 |   3 |  501.0 |
       Dungeon |   1503 |   1444 |     59 |     18 |   1078 |   3 |  501.0 |
               +--------+--------+--------+--------+--------+-----+--------+

Top non-repeatable levels by time:
     D:2: 901 daAuts
     D:1: 478 daAuts
     D:3: 123 daAuts
